cohdb
Replays
Latest Replays
All Replays
Popular Replays
Top Player Replays
Match Explorer
How It Works
Community
CoH3 Stats
Reddit
Sign in to upload your games and track your stats! →
Sign in with Steam
Match 42513359
Unlisted
Match 42513359
Overview
Messages
Build Orders
End
Royal Engineer Section
Selects Canadian Shock Battlegroup
Royal Engineer Section
Royal Engineer Section
Selects Attacking Spirit
Selects Canadian Shock Section
Canadian Shock Section
Canadian Shock Section
سَۨفُـيٰانۨوٰس
PoppaMies
0
0
Comments
sign in to comment!
No comments posted yet!